 Dungeon Crawl Stone Soup version 0.13.0-29-gdb529de (webtiles) character file.

765 Lilouch the Magician (level 7, -3/36 HPs)
             Began as a Deep Elf Fire Elementalist on Nov 5, 2013.
             Slain by a giant frog (4 damage)
             ... in a sewer.
             The game lasted 00:36:20 (3928 turns).

Lilouch the Magician (Deep Elf Fire Elementalist)   Turns: 3928, Time: 00:36:21

HP  -3/36        AC  4     Str  5      XL: 7   Next: 23%
MP   1/22        EV 13     Int 22      God:
Gold 140         SH  0     Dex 15      Spells:  3 memorised,  9 levels left

Res.Fire  : + . .   See Invis. : +   f - +0 halberd
Res.Cold  : x . .   Warding    : .   a - +0 elf robe
Life Prot.: . . .   Conserve   : .   (no shield)
Res.Poison: .       Res.Corr.  : .   (no helmet)
Res.Elec. : .       Clarity    : .   p - +1 cloak
Sust.Abil.: . .     Spirit.Shd : .   (no gloves)
Res.Mut.  : .       Stasis     : .   (no boots)
Res.Rott. : .       Flight     : .   (no amulet)
Saprovore : . . .                    e - ring of see invisible
                                     w - ring of fire

@: very slightly contaminated, slightly resistant to hostile enchantments,
fairly stealthy
A: no striking features
a: no special abilities


You were in a sewer.
You were hungry.

You visited 1 branch of the dungeon, and saw 4 of its levels.
You also visited: Sewer.

You collected 120 gold pieces.

Inventory:

Hand weapons
 f - a +0,+0 halberd (weapon)
 h - a +0,+0 dagger
 t - a +2,+0 elven dagger
 y - a +1,+2 spear
 z - a +0,+0 dagger
 C - a +0,+0 spear
 D - a +0,+0 spear
 J - the cursed +7,+7 flail of Begaubro {freeze, MR++, unknown}
   (You found it in a sewer)

   It has been specially enchanted to freeze those struck by it, causing extra
   injury to most foes and up to double damage against particularly susceptible
   opponents.
   It can also slow down cold-blooded creatures.
   It affects your resistance to hostile enchantments.
   It has a curse placed upon it.
Missiles
 d - 5 javelins (quivered)
Armour
 a - a +0 elven robe (worn)
 p - a +1 cloak (worn)
Magical devices
 k - a wand of polymorph (17)
Comestibles
 c - a bread ration
 x - a snozzcumber
 A - a meat ration
 E - a chunk of giant newt flesh
 F - a rotting chunk of grey rat flesh
 G - a chunk of giant newt flesh
 H - 2 rotting chunks of rat flesh
 I - a rotting chunk of adder flesh
 K - a rotting chunk of rat flesh
Scrolls
 g - 2 scrolls of enchant weapon I {unknown}
 m - 2 scrolls of enchant armour {unknown}
 o - a scroll of noise {unknown}
 q - a scroll of fear {unknown}
 r - a scroll of fog {unknown}
 s - a scroll of teleportation {unknown}
 v - a scroll of remove curse {unknown}
Jewellery
 e - a ring of see invisible (right hand)
 l - an uncursed ring of ice
 w - a ring of fire (left hand)
Potions
 i - 2 potions of curing
 j - a potion of paralysis {unknown}
 n - 2 potions of agility
 u - a potion of might {unknown}
 B - a potion of heal wounds
Books
 b - a book of Flames

   Spells                             Type                      Level
   *Flame Tongue                      Conjuration/Fire             1
   Throw Flame                        Conjuration/Fire             2
   *Conjure Flame                     Conjuration/Fire             3
   Inner Flame                        Hexes/Fire                   3
   *Sticky Flame                      Conjuration/Fire             4
   Fireball                           Conjuration/Fire             5


   Skills:
 - Level 1.2 Armour
 - Level 2.4 Dodging
 + Level 5.7 Stealth
 + Level 5.7 Spellcasting
 + Level 5.2 Conjurations
 - Level 3.2 Fire Magic


You had 9 spell levels left.
You knew the following spells:

 Your Spells              Type           Power        Failure   Level  Hunger
a - Flame Tongue          Conj/Fire      #####        1%          1    None
b - Conjure Flame         Conj/Fire      #####...     6%          3    ##.....
c - Sticky Flame          Conj/Fire      #####...     17%         4    ####...


Dungeon Overview and Level Annotations

Branches:
Dungeon (4/27)
 Temple: D:4-7

Altars:


Message History

The giant frog stops burning.
The giant frog is engulfed in a cloud of scalding steam.
The giant frog closely misses you. The giant frog hits you.
The giant frog is engulfed in a cloud of scalding steam.
You kill the giant frog!
The giant frog hits you but does no damage.
You hit the giant frog.
The giant frog is almost dead.
The giant frog barely misses you. The giant frog hits you.
You completely miss the giant frog.
The giant frog is almost dead.
The giant frog hits you.
* * * LOW HITPOINT WARNING * * *
Your unstable footing causes you to fumble your attack.
The giant frog misses you. The giant frog hits you!
* * * LOW HITPOINT WARNING * * *
You smell something rotten. (slot K)
The giant frog is engulfed in a cloud of scalding steam.
The giant frog hits you.
You die...

.≈..#
#≈...≈.#
§≈≈≈#
#≈≈≈≈≈≈#
§≈≈≈#
#≈≈≈≈≈≈#
§§%≈#
#≈≈≈≈≈≈#
§§§≈#
#≈≈≈≈≈≈#
§§≈§#
#≈≈≈≈≈≈#
§≈≈≈#
#≈≈≈≈≈≈#
..≈§#
#≈≈≈≈≈≈#
≈≈§§#
#≈≈≈≈@≈#
≈≈≈≈#
#≈≈≈≈F≈#
≈≈≈≈#
#≈≈≈≈%§#
≈≈≈≈#
#≈≈≈≈§≈#
≈≈≈≈#
#≈≈%≈≈≈#
≈≈≈≈#
#≈≈≈≈≈≈#
≈≈≈≈#
#≈%%≈≈≈#
≈≈≈≈#
#≈≈≈≈≈≈#
≈≈≈≈#
#≈≈≈≈≈≈#


You could see a giant frog.

Vanquished Creatures
  An ice beast (D:3)
  An ogre (D:3)
  A giant frog (Sewer)
  An orc wizard (D:4)
  10 adders
  A green rat (Sewer)
  7 gnolls
  A giant mite (D:2)
  A worm (D:2)
  18 grey rats (Sewer)
  2 giant geckos
  3 oozes
  7 orcs
  13 ball pythons
  8 giant cockroaches
  12 goblins
  10 hobgoblins
  8 kobolds
  8 bats
  5 giant newts
  7 quokkas
  18 rats
143 creatures vanquished.

Notes
Turn   | Place    | Note
--------------------------------------------------------------
     0 | D:1      | Lilouch, the Deep Elf Fire Elementalist, began the quest for the Orb.
     0 | D:1      | Reached XP level 1. HP: 10/10 MP: 4/4
   308 | D:1      | Reached XP level 2. HP: 6/15 MP: 0/7
   648 | D:1      | Reached skill level 1 in Armour
   861 | D:1      | Reached XP level 3. HP: 19/19 MP: 7/10
  1543 | D:2      | Learned a level 3 spell: Conjure Flame
  1678 | D:2      | Reached XP level 4. HP: 24/24 MP: 11/13
  2216 | D:3      | Noticed an ogre
  2480 | D:3      | Killed an ogre
  2480 | D:3      | Reached skill level 4 in Spellcasting
  2480 | D:3      | Reached XP level 5. HP: 28/28 MP: 8/17
  2558 | D:3      | Noticed an ice beast
  2569 | D:3      | Killed an ice beast
  2569 | D:3      | Reached skill level 5 in Spellcasting
  2569 | D:3      | Reached XP level 6. HP: 30/32 MP: 7/20
  3143 | D:3      | Learned a level 4 spell: Sticky Flame
  3416 | D:4      | Reached skill level 5 in Stealth
  3487 | D:4      | Found a glowing drain.
  3499 | Sewer    | Entered a sewer
  3714 | Sewer    | Got a dazzling flail
  3738 | Sewer    | Reached XP level 7. HP: 29/36 MP: 3/22
  3739 | Sewer    | Reached skill level 5 in Conjurations
  3927 | Sewer    | HP: 1/36 [giant frog (8)]
  3928 | Sewer    | Slain by a giant frog

Action                   |  1- 3 |  4- 6 |  7- 9 || total
-------------------------+-------+-------+-------++-------
Melee: Halberd           |    13 |    90 |    14 ||   117
Throw: Javelin           |     4 |       |       ||     4
 Cast: Flame Tongue      |    57 |    84 |    18 ||   159
       Conjure Flame     |       |    17 |       ||    17
       Sticky Flame      |       |     1 |     2 ||     3
Evoke: Wand              |       |     2 |       ||     2
  Use: Scroll            |       |     4 |       ||     4
       Potion            |       |       |     1 ||     1
 Stab: Sleeping          |     4 |    10 |       ||    14
       Distracted        |       |     1 |       ||     1
